AoeStats
← 玩印度的哥们硬不起来

MegaRandom

509433927Analyzed
2v2 RM · 5d ago on Sep 26, 2026· 47m 17s· 4 players
Game mode
Random Map
Map size
Medium (4 player)
Population
200
Speed
Normal
Resources
Standard
Victory
Conquest
Starting age
Dark Age
Ending age
Imperial Age
RankedLock teamsTeams togetherTeam positionsShared explorationLock speedFull tech treeHidden civsTurbo modeCheats
Victory
Defeat
1421
+12
🇨🇦 Britons · Canada
1410
+13
🇮🇹 Poles · Italy
1345
-13
🇮🇹 Koreans · Italy
1328
-12
玩印度的哥们硬不起来
0:30 Loom
11:39 Feudal Age
15:01 Double-Bit Axe
19:50 Castle Age
21:55 Husbandry
21:47 Horse Collar
22:20 Bow Saw
26:45 Gold Mining
27:18 Scale Barding Armor
28:59 Forging
29:56 Gold Shaft Mining
32:34 Wheelbarrow
32:47 Chain Barding Armor
32:44 Heavy Plow
33:48 Hand Cart
33:57 Stone Mining
38:28 Imperial Age
37:27 Gold Shaft Mining
38:31 Heavy Camel Rider
39:47 Plate Barding Armor
39:49 Iron Casting
43:41 Two-Man Saw
43:13 Crop Rotation
44:18 Capped Ram
45:45 Siege Ram
Jaha
0:29 Loom
9:19 Feudal Age
12:42 Fletching
15:39 Horse Collar
16:08 Gold Mining
16:19 Town Watch
17:10 Padded Archer Armor
24:42 Castle Age
24:45 Crossbowman
25:33 Bodkin Arrow
30:22 Leather Archer Armor
31:45 Ballistics
32:33 Wheelbarrow
35:58 Stone Mining
40:32 Imperial Age
40:39 Arbalester
41:39 Bracer
46:38 Conscription
saponello_
11:13 Feudal Age
15:07 Double-Bit Axe
16:43 Loom
34:12 Castle Age
HSL | Tisy16
9:25 Loom
13:39 Feudal Age
15:43 Double-Bit Axe
20:14 Castle Age
18:55 Scale Barding Armor
19:06 Horse Collar
19:41 Bloodlines
21:06 Husbandry
21:31 Chain Barding Armor
24:29 Bow Saw
24:47 Szlachta Privileges
27:47 Forging
35:50 Imperial Age
33:30 Gold Mining
34:51 Iron Casting
37:31 Blast Furnace
35:54 Cavalier
35:55 Light Cavalry
39:18 Wheelbarrow
39:00 Pikeman
41:30 Hand Cart
40:50 Winged Hussar
41:42 Stone Mining
43:44 Scale Mail Armor
46:47 Chain Mail Armor
Connection lost

Rejoining the realm…

Still unreachable

The connection could not be restored.

Session expired

The server has moved on; the page needs a fresh start.